AoeStats
← Rotor3428

Arabia

503369300Analyzed
2v2 RM · 1mo ago on Aug 31, 2026· 36m 10s· 4 players
Game mode
Random Map
Map size
Medium (4 player)
Population
200
Speed
Normal
Resources
Standard
Victory
Conquest
Starting age
Dark Age
Ending age
Imperial Age
RankedLock teamsTeams togetherTeam positionsShared explorationLock speedFull tech treeHidden civsTurbo modeCheats
Victory
Defeat
🇹🇼 Spanish · Taiwan
948
+44
🇹🇼 Portuguese · Taiwan
913
+18
🇷🇺 Burgundians · Russia
955
-50
🇰🇿 Mongols · Kazakhstan
955
-50
105311126
7:05 Loom
10:37 Feudal Age
12:53 Double-Bit Axe
20:30 Wheelbarrow
20:08 Bloodlines
20:03 Gold Mining
23:28 Castle Age
24:00 Scale Barding Armor
23:57 Padded Archer Armor
23:53 Horse Collar
25:08 Town Watch
25:40 Husbandry
28:28 Bow Saw
30:04 Leather Archer Armor
32:06 Town Patrol
35:04 Fletching
39:13 Imperial Age
bleachamatt
5:04 Loom
11:03 Feudal Age
11:30 Double-Bit Axe
13:21 Horse Collar
22:33 Castle Age
31:21 Town Watch
32:15 Wheelbarrow
32:02 Bow Saw
34:54 Imperial Age
33:07 Fletching
37:01 Conscription
dixevskiy
7:26 Loom
9:55 Feudal Age
8:36 Double-Bit Axe
8:39 Horse Collar
19:10 Castle Age
18:41 Bow Saw
19:14 Forging
19:39 Heavy Plow
19:19 Light Cavalry
20:40 Husbandry
20:57 Gold Mining
23:02 Scale Barding Armor
27:27 Cavalier
32:11 Gold Shaft Mining
31:27 Stone Mining
33:12 Chain Barding Armor
Rotor3428
11:23 Feudal Age
13:40 Double-Bit Axe
21:33 Horse Collar
26:01 Castle Age
28:16 Pikeman
30:22 Forging
Connection lost

Rejoining the realm…

Still unreachable

The connection could not be restored.

Session expired

The server has moved on; the page needs a fresh start.